 Dungeon Crawl Stone Soup version 0.24-a0-164-g56e1b8f (webtiles) character file.

Game seed: 3991013200202910386

30 emperorscorpion the Poker (level 3, -2/30 HPs)
             Began as a Merfolk Berserker on Mar 6, 2019.
             Was a Follower of Trog.
             Slain by Grinder (8 damage)
             ... while paralysed by Grinder
             ... on level 3 of the Dungeon.
             The game lasted 00:01:28 (474 turns).

emperorscorpion the Poker (Merfolk Berserker)        Turns: 474, Time: 00:01:28

Health: -2/30      AC:  5    Str: 16 (17) XL:     3   Next: 18%
Magic:  3/3        EV:  2    Int:  5 (6)  God:    Trog [*.....]
Gold:   52         SH:  0    Dex: 18 (19) Spells: 2/2 levels left

rFire    . . .     SeeInvis .   a - +0 spear
rCold    . . .     Gourm    .   (no shield)
rNeg     . . .     Faith    .   e - +0 ring mail
rPois    .         Spirit   .   (no helmet)
rElec    .         Reflect  .   (no cloak)
rCorr    .         Harm     .   (no gloves)
MR       .....                  (no boots)
Stlth    ++........             (no amulet)
HPRegen  0.10/turn              (no ring)
MPRegen  0.08/turn              (no ring)

@: paralysed, agile, berserk cooldown, slowed
A: change form in water, swift swim, stealthy swim
a: Berserk, Renounce Religion


You were on level 3 of the Dungeon.
You worshipped Trog.
Trog was aware of your devotion.
You were not hungry.

You visited 1 branch of the dungeon, and saw 3 of its levels.

You collected 52 gold pieces.

Inventory:

Hand Weapons
 a - a +0 spear (weapon)
Armour
 b - a +0 animal skin
 e - a +0 ring mail (worn)
Jewellery
 g - an uncursed ring of stealth
Scrolls
 i - a scroll of remove curse {unknown}
 j - a scroll of amnesia {unknown}
 k - a scroll of noise {unknown}
Comestibles
 c - 2 rations
 h - 5 chunks of flesh


   Skills:
 + Level 4.0 Fighting
 + Level 5.0 Polearms
 + Level 1.4 Armour
 + Level 3.1 Dodging


You had 2 spell levels left.
You didn't know any spells.
Your spell library was empty.

Dungeon Overview and Level Annotations

Branches:
Dungeon (3/15)

Altars:

Annotations:
D:3 Grinder


Message History

You hit Grinder.
Grinder is heavily wounded.
Grinder barely misses you.
You hit Grinder but do no damage.
Grinder is heavily wounded.
Grinder hits you.
You writhe in agony.
You hit Grinder.
Grinder is heavily wounded.
Grinder closely misses you. Grinder barely misses you.
You hit Grinder but do no damage.
Grinder is heavily wounded.
Grinder misses you.
You hit Grinder.
Grinder is heavily wounded.
Grinder gestures at you.
You suddenly lose the ability to move!
Grinder hits you.
* * * LOW HITPOINT WARNING * * *
Grinder hits you!
You die...

#.#############
#.....5@......#
#.(##########.#
#.# #.# #.# #.#
#.# #.# #.#


You could see Grinder.

Vanquished Creatures
  An adder (D:3)
  4 giant cockroaches
  2 goblins
  4 hobgoblins
  2 kobolds
  A ball python (D:1)
  A bat (D:1)
  2 frilled lizards
  2 rats (D:2)
19 creatures vanquished.

Notes
Turn   | Place    | Note
-------+----------+-------------------------------------------
     0 | D:1      | emperorscorpion the Merfolk Berserker began the quest for
                  | the Orb.
     0 | D:1      | Reached XP level 1. HP: 18/18 MP: 1/1
    83 | D:1      | Reached XP level 2. HP: 24/24 MP: 2/2
   335 | D:2      | Reached skill level 5 in Polearms
   410 | D:3      | Reached XP level 3. HP: 28/30 MP: 3/3
   443 | D:3      | Noticed Grinder
   457 | D:3      | Paralysed by Grinder for 6 turns
   472 | D:3      | Paralysed by Grinder for 6 turns
   474 | D:3      | Slain by Grinder

Levels and vault maps discovered:
D:1:      sevenhm_arrival_forest_fort_small_5, layout_basic
D:2:      layout_loops_cross, uniq_sigmund
D:3:      gammafunk_steamed_eel, layout_basic, fedhas_altar_2, uniq_grinder

Skill      XL: |  1  2 |
---------------+-------+-----
Polearms       | 5 |  5.0
Fighting       | 4 |  4.0
Dodging        | 3 |  3.1
Armour         | |  1.4

Action                   || total
-------------------------++-------
Melee: Spear             ||    82
Invok: Berserk           ||     1
  Use: Potion            ||     3
Armor: Ring mail         ||     8
Dodge: Dodged            ||    44

Table legend:
 A = Non-vault XP
 B = Vault XP
 C = Vault XP percentage of total XP
 D = Non-vault monster count
 E = Vault monster count
 F = Vault count percentage of total count
                 A         B        C        D         E       F
            +---------+---------+-------+---------+---------+-------
      Total |      43 |       0 |   0.0 |      19 |       0 |   0.0
            +---------+---------+-------+---------+---------+-------
        D:1 |      13 |       0 |   0.0 |       8 |       0 |   0.0
        D:2 |      15 |       0 |   0.0 |       9 |       0 |   0.0
        D:3 |      15 |       0 |   0.0 |       2 |       0 |   0.0
            +---------+---------+-------+---------+---------+-------
